 Dungeon Crawl Stone Soup version 0.31.0-12-g77e489cdc1 (webtiles) character file.

Game seed: 7393640231824300977

2 Killerpretzel the Ruffian (level 1, 0/13 HPs)
             Began as an Octopode Shapeshifter on Mar 2, 2024.
             Slain by a dart slug (3 damage)
             ... on level 1 of the Dungeon.
             The game lasted 00:00:06 (54 turns).

Killerpretzel the Ruffian (Octopode Shapeshifter)     Turns: 54, Time: 00:00:07

Health: 0/13       AC:  1    Str: 13    XL:     1   Next: 40%
Magic:  1/1        EV: 10    Int: 12    God:
Gold:   2          SH:  0    Dex: 11    Spells: 0/0 levels left

rFire   . .          .
                       - Unarmed
rCold   . . .        (no shield)
rNeg    . . .        (helmet currently unavailable)
rPois   .            (no amulet)
rElec   .            (no ring)
rCorr   .            (no ring)
SInv    .            (no ring)
Will    .....        (no ring)
Stlth   ++           (no ring)
HPRegen 0.22/turn    (no ring)
MPRegen 0.07/turn    (no ring)
                     (no ring)

%: no passive effects
@: beast-form, constricted
A: beast (slay +1), almost no armour, amphibious, 8 rings, camouflage 1,
gelatinous body 1, (nimble swimmer 1), tentacles
a: Begin Untransformation


You were on level 1 of the Dungeon.
You were a hulking beast.
You visited 1 branch of the dungeon, and saw 1 of its levels.

You collected 2 gold pieces.

Inventory:

Jewellery
 f - a ring of protection from fire
Talismans
 b - a beast talisman
 c - a flux talisman
Scrolls
 d - a scroll of blinking {unknown}
 e - a scroll of acquirement {unknown}
Potions
 a - a potion of lignification
 g - a potion of curing {unknown}


   Skills:
 + Level 1.0 Fighting
 + Level 2.0 Dodging
 + Level 3.0 Unarmed Combat
 * Level 3.0 Shapeshifting


You couldn't memorise any spells.
You didn't know any spells.
Your spell library was empty.

Dungeon Overview and Level Annotations

Branches:
Dungeon (1/15)

Altars:


Innate Abilities, Weirdness & Mutations

You are a hulking beast.
Your limbs bulge with bestial killing power. (Slay +1)
You cannot wear most types of armour.
You are amphibious.
You can wear up to eight rings at the same time.
Your skin changes colour to match your surroundings (Stealth+).
Your rubbery body absorbs attacks. (AC +1, EV +1)
((You are camouflaged when in or above water. (Stealth+)))
You have tentacles for arms and can constrict up to eight enemies at once.


Message History

You are too injured to fight recklessly!
You are too injured to fight recklessly!
You are too injured to fight recklessly!
You are too injured to fight recklessly!
You are too injured to fight recklessly!
You are too injured to fight recklessly!
You are too injured to fight recklessly!
You are too injured to fight recklessly!
You are too injured to fight recklessly!
There are monsters nearby!
You are too injured to fight recklessly!
You are too injured to fight recklessly!
You are too injured to fight recklessly!
You are too injured to fight recklessly!
You are too injured to fight recklessly!
You are too injured to fight recklessly!
You are too injured to fight recklessly!
You are too injured to fight recklessly!
You are too injured to fight recklessly!
You are too injured to fight recklessly!
There are monsters nearby!
You tentacle-slap the quokka. Your grab misses the quokka.
You squeeze the quokka.
You kill the quokka!
The bat hits you but does no damage. The ball python barely misses you.
The ball python misses you.
You barely miss the bat. Your grab misses the bat. The bat barely misses you.
The bat misses you. The ball python closely misses you.
The ball python grabs you. The ball python constricts you.
You tentacle-slap the dart slug. You grab the dart slug.
The dart slug is moderately wounded.
You constrict the dart slug. The bat closely misses you.
The ball python bites you. The ball python constricts you.
You tentacle-slap the dart slug.
The dart slug is heavily wounded.
You constrict the dart slug. The ball python bites you.
The ball python constricts you.
* * * LOW HITPOINT WARNING * * *
The dart slug bites you.
You die...

# # #..#....#####
#### #.#..#.....#...
...# ..............
...#
##.##.............
...# #.......
........ ###
#.......##.....# #
#....!.....bS..## #
#......#..Khwr..##
###..................
#..................##
##
...(............###
.# #.......#.....##
.#####.......##..###
.............###...
.#####.........#.....
.# ##.##.#.##.......


You could see a dart slug, a bat, a ball python, a kobold and a rat.

Vanquished Creatures
  A quokka (D:1)
  2 rats (D:1)
3 creatures vanquished.

Notes
Turn   | Place    | Note
-------+----------+-------------------------------------------
     0 | D:1      | Killerpretzel the Octopode Shapeshifter began the quest for
                  | the Orb.
     0 | D:1      | Reached XP level 1. HP: 13/13 MP: 1/1
    54 | D:1      | Slain by a dart slug

Illustrated notes

Levels and vault maps discovered:
D:1:      minmay_arrival_cross, layout_rooms, st_stairs_8

Action                     || total
---------------------------++-------
  Melee: Unarmed           ||     7
         Constrict         ||     1
         Tentacles         ||     1
 Armour: Skin              ||     7
  Dodge: Dodged            ||    11
